 Dungeon Crawl Stone Soup version 0.30-a0-142-g7370640ec8 (webtiles) character file.

Game seed: 696017280066275688

515 qw the Chopper (level 7, -7/43 HPs)
             Began as a Gargoyle Fighter on Sept 25, 2022.
             Mangled by a gnoll sergeant
             ... wielding a +4 spear of venom
              (9 damage)
             ... on level 5 of the Dungeon.
             The game lasted 00:01:23 (3650 turns).

qw the Chopper (Gargoyle Fighter)                   Turns: 3650, Time: 00:01:23

Health: -7/43      AC: 15    Str: 21    XL:     7   Next: 20%
Magic:  7/7        EV:  7    Int:  9    God:
Gold:   161        SH: 11    Dex:  9    Spells: 6/6 levels left

rFire   + . .      SeeInvis .    Y - +1 war axe
rCold   + . .      Faith    .    e - +2 buckler {rC+ rF+}
rNeg    + . .      Spirit   .    s - +0 chain mail
rPois   inf        Reflect  +    b - +2 hat
rElec   +          Harm     .    (no cloak)
rCorr   +          Rampage  .    (no gloves)
Will    .....                    (no boots)
Stlth   ..........               n - amulet of reflection
HPRegen 0.14/turn                m - ring of resist corrosion
MPRegen 0.10/turn                (no ring)

@: about to teleport
A: sickness immunity, AC +4, negative energy resistance 1, electricity
resistance, torment resistance 1, petrification resistance
a: no special abilities


You were on level 5 of the Dungeon.
You visited 1 branch of the dungeon, and saw 5 of its levels.

You collected 161 gold pieces.


Innate Abilities, Weirdness & Mutations

You are immune to sickness and miasma.
Your stone body is resilient. (AC +4)
You are immune to poison.
You resist negative energy. (rN+)
You are resistant to electric shocks. (rElec)
You are resistant to unholy torment.
You are immune to petrification.


   Skills:
 - Level 4.2 Fighting
 + Level 6.3 Axes
 - Level 3.2 Armour
 - Level 1.2 Dodging
 - Level 3.2 Shields


You had 6 spell levels left.
You didn't know any spells.
Your spell library was empty.

Inventory:

Hand Weapons
 g - a +1 flail of protection
 o - a +3 hand axe of holy wrath
 Y - a +1 war axe (weapon)
Missiles
 h - 3 boomerangs (quivered)
Armour
 b - a +2 hat (worn)
 e - a +2 buckler of resistance (worn)
 s - a +0 chain mail (worn)
Jewellery
 m - a ring of resist corrosion (left hand)
 n - an amulet of reflection (around neck)
Scrolls
 c - a scroll of teleportation
 j - 2 scrolls of enchant armour
 p - 2 scrolls of identify
 q - a scroll of silence {unknown}
Potions
 a - a potion of attraction {unknown}
 d - 2 potions of might
 f - a potion of berserk rage {unknown}
 i - a potion of flight {unknown}
 k - a potion of degeneration {unknown}
 l - a potion of heal wounds {unknown}

Dungeon Overview and Level Annotations

Branches:
Dungeon (5/15)
 Temple: D:4-7

Altars:
Kikubaaqudgha
Makhleb
Ru
Sif Muna


Message History

The hound is severely wounded.
You block the hound's attack. The hound bites you but does no damage.
You block the gnoll sergeant's attack. You block the gnoll's attack.
You closely miss the hound.
The hound is severely wounded.
The hound bites you but does no damage. You block the gnoll's attack.
You block the gnoll sergeant's attack.
The hound stops to sniff the ground.
The hound bites you but does no damage.
You slash the hound!
You kill the hound!
You block the gnoll's attack. You block the gnoll sergeant's attack.
The white imp gestures at you. The puff of frost hits you. You resist.
The gnoll closely misses you. You block the gnoll sergeant's attack.
Things that are here:
a +0 flail; a +0 halberd of venom; a gnoll corpse You hit the gnoll sergeant but do no damage.
You hit the white imp. You block the gnoll's attack.
The gnoll sergeant hits you with a +4 spear of venom!
The white imp gestures at you.
The puff of frost hits you but does no damage.
You resist.
You hit the white imp.
The white imp is heavily wounded.
You hit the gnoll sergeant.
The gnoll sergeant hits you with a +4 spear of venom.
The gnoll hits you from afar with a +0 halberd.
You block the white imp's attack.
The gnoll sergeant hits you with a +4 spear of venom.
The gnoll barely misses you. The white imp gestures at you.
The puff of frost hits you. You resist.
3650 ||| READING 2 scrolls of teleportation.
As you read the scroll of teleportation, it crumbles to dust.
You feel strangely unstable. You block the gnoll's attack.
The gnoll sergeant hits you with a +4 spear of venom!
You die...

...........##
#....##
.....#....##
.......
.#........#
#......
#..##..### ......
#..#)...#
.....###.....###
...##...###.##.##
.$.......#......#
#@....##..#
...<.gg5##.######
......go#....
...............
........###....#
......... ...##
......... $...
......... .....


You could see a gnoll sergeant, 2 gnolls, a white imp and an orc.

Vanquished Creatures
  A black bear (D:3)
  A necrophage (D:4)
  A hound (D:5)
  An orc priest (D:4)
  An iguana (D:4)
  5 orc wizards
  5 gnolls
  2 adders
  A shadow imp (D:4)
  2 dart slugs
  2 worms
  20 orcs
  4 endoplasms
  A giant cockroach (D:1)
  4 hobgoblins
  4 quokkas
  3 ball pythons
  6 bats
  3 frilled lizards
  2 goblins (D:4)
  3 kobolds
  4 rats
76 creatures vanquished.

Notes
Turn   | Place    | Note
-------+----------+-------------------------------------------
     0 | D:1      | qw the Gargoyle Fighter began the quest for the Orb.
     0 | D:1      | Reached XP level 1. HP: 14/14 MP: 1/1
     0 | D:1      | 0 ||| qw: Version: 0.2-a-10-g399e6c4
     0 | D:1      | 0 ||| qw: Game counter: 401
     0 | D:1      | 0 ||| qw: Always use a shield: true
     0 | D:1      | 0 ||| qw: God list: Okawaru
     0 | D:1      | 0 ||| qw: Allow faded altars: false
     0 | D:1      | 0 ||| qw: Do Orc after D:15 true
     0 | D:1      | 0 ||| qw: Do second Lair branch before Depths: true
     0 | D:1      | 0 ||| qw: Lair rune preference: random
     0 | D:1      | 0 ||| qw: Plans: Normal, Zot:1-4, God:TSO, Crypt, Tomb,
                  | Pan, Slime:5, Hells, Abyss, Orb
     0 | D:1      | 0 ||| PLANNING D:1-11
   194 | D:1      | Reached skill level 2 in Axes
   348 | D:1      | Reached XP level 2. HP: 19/19 MP: 2/2
   505 | D:1      | 505 ||| DROPPING ring of flight.
   506 | D:1      | 506 ||| READING scroll labelled LYBLAE QERUS.
   507 | D:1      | 507 ||| READING 3 scrolls labelled RECALI DOCHUCIB.
   853 | D:2      | Reached skill level 3 in Axes
   854 | D:2      | Reached XP level 3. HP: 23/23 MP: 3/3
   863 | D:2      | HP: 3/23 [gnoll/+0 flail (4)]
   925 | D:2      | 925 ||| Stepping ~*~*~tactically~*~*~ (stealth).
   926 | D:2      | 926 ||| Stepping ~*~*~tactically~*~*~ (stealth).
  1154 | D:2      | 1154 ||| DROPPING +0 club.
  1157 | D:2      | 1157 ||| DROPPING +0 whip.
  1312 | D:2      | Identified the +10 dagger of the Dead {drain, SInv}
  1352 | D:2      | Reached XP level 4. HP: 28/28 MP: 4/4
  1526 | D:2      | 1526 ||| READING scroll labelled JOSTRU LIUDYCW.
  1527 | D:2      | 1527 ||| DRINKING 2 ruby potions.
  1528 | D:2      | 1528 ||| DRINKING 2 green potions.
  1529 | D:2      | 1529 ||| DROPPING potion of invisibility.
  1672 | D:3      | 1672 ||| DRINKING potion of curing.
  1672 | D:3      | 1672 ||| (to cure confusion)
  1701 | D:3      | Reached skill level 4 in Axes
  1703 | D:3      | 1703 ||| FLEEEEING.
  1704 | D:3      | 1704 ||| FLEEEEING.
  1705 | D:3      | 1705 ||| FLEEEEING.
  1709 | D:3      | 1709 ||| FLEEEEING.
  1710 | D:3      | 1710 ||| FLEEEEING.
  1725 | D:3      | HP: 6/28 [something (3)]
  1733 | D:3      | HP: 5/28 [orc wizard/+0 dagger (2)]
  1738 | D:3      | HP: 4/28 [orc wizard/+0 dagger (1)]
  1897 | D:3      | 1897 ||| FLEEEEING.
  1898 | D:3      | 1898 ||| FLEEEEING.
  2022 | D:3      | 2022 ||| DROPPING +0 flail.
  2039 | D:3      | Reached XP level 5. HP: 18/32 MP: 5/5
  2227 | D:3      | 2227 ||| Stepping ~*~*~tactically~*~*~ (stealth).
  2266 | D:3      | 2266 ||| Stepping ~*~*~tactically~*~*~ (hiding).
  2351 | D:3      | Found a faded altar of an unknown god.
  2388 | D:3      | Found a shimmering blue altar of Sif Muna.
  2722 | D:3      | 2722 ||| UPGRADING to amulet of reflection.
  2727 | D:3      | 2727 ||| UPGRADING to ring of resist corrosion.
  2728 | D:3      | 2728 ||| READING scroll labelled UWYIKU UQUPNAI.
  2728 | D:3      | Identified a scroll of acquirement
  2728 | D:3      | 2728 ||| ACQUIRING +2 buckler of resistance
  2728 | D:3      | Acquired a +2 buckler of resistance
  2730 | D:3      | 2730 ||| UPGRADING to +2 buckler of resistance.
  2740 | D:3      | 2740 ||| DROPPING +0 buckler.
  2741 | D:3      | 2741 ||| READING scroll labelled VENONT RITAOTT.
  2746 | D:3      | 2746 ||| READING scroll labelled GEUCEA JUZA.
  2758 | D:4      | Noticed a black bear
  2763 | D:4      | 2763 ||| STAIRDANCE
  2770 | D:3      | Killed a black bear
  2771 | D:3      | Reached skill level 5 in Axes
  2771 | D:3      | Reached XP level 6. HP: 28/37 MP: 6/6
  2891 | D:4      | Found a burning altar of Makhleb.
  2901 | D:4      | 2901 ||| READING scroll of acquirement.
  2901 | D:4      | 2901 ||| ACQUIRING +3 hand axe of holy wrath
  2901 | D:4      | Acquired a +3 hand axe of holy wrath
  3055 | D:4      | 3055 ||| Stepping ~*~*~tactically~*~*~ (stealth).
  3311 | D:4      | Found an ancient bone altar of Kikubaaqudgha.
  3358 | D:4      | 3358 ||| Stepping ~*~*~tactically~*~*~ (hiding).
  3374 | D:4      | Reached skill level 1 in Dodging
  3376 | D:4      | 3376 ||| FLEEEEING.
  3384 | D:4      | 3384 ||| DRINKING potion of curing.
  3384 | D:4      | 3384 ||| (to cure confusion)
  3392 | D:4      | 3392 ||| FLEEEEING.
  3393 | D:4      | 3393 ||| FLEEEEING.
  3394 | D:4      | 3394 ||| FLEEEEING.
  3395 | D:4      | 3395 ||| FLEEEEING.
  3396 | D:4      | 3396 ||| FLEEEEING.
  3397 | D:4      | 3397 ||| FLEEEEING.
  3398 | D:4      | 3398 ||| FLEEEEING.
  3399 | D:4      | 3399 ||| FLEEEEING.
  3400 | D:4      | 3400 ||| FLEEEEING.
  3401 | D:4      | 3401 ||| FLEEEEING.
  3402 | D:4      | 3402 ||| FLEEEEING.
  3403 | D:4      | 3403 ||| FLEEEEING.
  3404 | D:4      | 3404 ||| FLEEEEING.
  3405 | D:4      | 3405 ||| FLEEEEING.
  3406 | D:4      | 3406 ||| FLEEEEING.
  3407 | D:4      | 3407 ||| FLEEEEING.
  3408 | D:4      | 3408 ||| FLEEEEING.
  3409 | D:4      | 3409 ||| FLEEEEING.
  3410 | D:4      | 3410 ||| FLEEEEING.
  3411 | D:4      | 3411 ||| FLEEEEING.
  3412 | D:4      | 3412 ||| FLEEEEING.
  3414 | D:4      | 3414 ||| FLEEEEING.
  3415 | D:4      | 3415 ||| FLEEEEING.
  3416 | D:4      | 3416 ||| FLEEEEING.
  3417 | D:4      | 3417 ||| FLEEEEING.
  3418 | D:4      | 3418 ||| FLEEEEING.
  3419 | D:4      | 3419 ||| FLEEEEING.
  3420 | D:4      | 3420 ||| FLEEEEING.
  3421 | D:4      | 3421 ||| FLEEEEING.
  3422 | D:4      | 3422 ||| FLEEEEING.
  3423 | D:4      | 3423 ||| FLEEEEING.
  3424 | D:4      | 3424 ||| FLEEEEING.
  3425 | D:4      | 3425 ||| FLEEEEING.
  3426 | D:4      | 3426 ||| FLEEEEING.
  3427 | D:4      | 3427 ||| FLEEEEING.
  3428 | D:4      | 3428 ||| STAIRDANCE
  3475 | D:3      | 3475 ||| UPGRADING to +0 chain mail.
  3485 | D:3      | 3485 ||| DROPPING +0 scale mail.
  3486 | D:3      | 3486 ||| READING scroll labelled IPOGOA IFOHY.
  3487 | D:3      | 3487 ||| READING scroll labelled KYUCYR TEFE RAU.
  3488 | D:3      | 3488 ||| READING scroll labelled WOSAEJ XEOSOES.
  3498 | D:4      | Reached skill level 6 in Axes
  3498 | D:4      | Reached XP level 7. HP: 42/43 MP: 7/7
  3541 | D:4      | Found a sacrificial altar of Ru.
  3580 | D:4      | 3580 ||| UPGRADING to +1 hat.
  3585 | D:4      | 3585 ||| READING 3 scrolls of enchant armour.
  3585 | D:4      | 3585 ||| ENCHANTING +1 hat.
  3590 | D:5      | Entered Level 5 of the Dungeon
  3591 | D:5      | 3591 ||| PLANNING OSSUARY
  3632 | D:5      | 3632 ||| Stepping ~*~*~tactically~*~*~ (hiding).
  3649 | D:5      | HP: 5/43 [gnoll sergeant/+4 spear of venom (6)]
  3649 | D:5      | HP: 2/43 [white imp/puff of frost (3)]
  3650 | D:5      | 3650 ||| READING 2 scrolls of teleportation.
  3650 | D:5      | Mangled by a gnoll sergeant

Levels and vault maps discovered:
D:1:      dpeg_arrival_tiny_b, layout_basic
D:2:      layout_loops_ring
D:3:      layout_basic, lemuel_round_altar, ebering_ecumenical_altar_box
D:4:      layout_basic, lemuel_crystal_altar, kennysheep_mini,
          general_overflow_altar, patterned_corridor
D:5:      nicolae_cairo_tiling_large_dashed, layout_cave_pools,
          nicolae_ossuary_entry_catacombs

Skill      XL: |  1  2  3  4  5  6 |
---------------+-------------------+-----
Axes           | 2 3 4 5 6 |  6.3
Fighting       | 4 |  4.2
Dodging        | 1 |  1.2
Armour         | |  3.2
Shields        | |  3.2

Action                   |  1- 3 |  4- 6 |  7- 9 || total
-------------------------+-------+-------+-------++-------
Melee: War axe           |    43 |   136 |    14 ||   193
Throw: Boomerang         |    17 |    37 |       ||    54
  Use: Scroll            |     2 |     8 |     2 ||    12
       Potion            |       |     4 |       ||     4
Armor: Scale mail        |    21 |    83 |       ||   104
       Chain mail        |       |     3 |    16 ||    19
Dodge: Dodged            |    15 |    37 |     7 ||    59
Block: Buckler           |     5 |    45 |    27 ||    77

Table legend:
 A = Non-vault XP
 B = Vault XP
 C = Vault XP percentage of total XP
 D = Non-vault monster count
 E = Vault monster count
 F = Vault count percentage of total count
                 A         B        C        D         E       F
            +---------+---------+-------+---------+---------+-------
      Total |     736 |       0 |   0.0 |      76 |       0 |   0.0
            +---------+---------+-------+---------+---------+-------
        D:1 |      14 |       0 |   0.0 |       9 |       0 |   0.0
        D:2 |      68 |       0 |   0.0 |      10 |       0 |   0.0
        D:3 |     272 |       0 |   0.0 |      27 |       0 |   0.0
        D:4 |     310 |       0 |   0.0 |      27 |       0 |   0.0
        D:5 |      72 |       0 |   0.0 |       3 |       0 |   0.0
            +---------+---------+-------+---------+---------+-------
